 Dungeon Crawl Stone Soup version 0.15-a0-1269-g8ca96ae (webtiles) character file.

88710 Amnesiac the Bewitcher (level 16, 0/103 HPs)
             Began as a Halfling Enchanter on June 4, 2014.
             Was the Champion of Dithmenos.
             Slain by a sixfirhy (7 damage)
             ... summoned by an orc high priest
             ... while paralysed by a chaos spawn
             ... on Level 4 of the Orcish Mines on June 5, 2014.
             The game lasted 02:02:04 (31588 turns).

Amnesiac the Bewitcher (Halfling Enchanter)        Turns: 31588, Time: 02:02:04

HP   0/103       AC  9     Str  5      XL: 16   Next: 41%
MP   0/39        EV  3     Int 20      God: Dithmenos [******]
Gold 3239        SH  0     Dex 20      Spells:  8 memorised,  2 levels left

rFire  + + .     SeeInvis +     w - +2,+0 dagger (elec)
rCold  + . .     Clarity  .     X - +2 robe {rC+}
rNeg   . . .     rCorr    .     S - +3 buckler
rPois  .         rRot     .     N - +2 hat
rElec  .         Spirit   +     C - +0 cloak
SustAb .         Warding  .     Z - +0 pair of gloves
rMut   .         Stasis   .     b - +0 pair of boots
Gourm  .                        W - amulet of guardian spirit
MR     +....                    P - cursed ring of stealth
                                K - ring "Hodghuv" {rF++ MP+9 Dex+1 SInv}

@: paralysed, very slightly contaminated, wreathed by umbra, studying Air Magic,
invisible, somewhat resistant to hostile enchantments, extraordinarily stealthy
A: mutation resistance 1
a: Shadow Step, Shadow Form, Renounce Religion


You were on level 4 of the Orcish Mines.
You worshipped Dithmenos.
Dithmenos was exalted by your worship.
You were very hungry.

You visited 4 branches of the dungeon, and saw 25 of its levels.
You also visited: Sewer and Ice Cave.

You collected 3239 gold pieces.

Inventory:

Hand weapons
 e - a +0 blowgun
 q - a +4,+4 dagger of pain
 w - a +2,+0 dagger of electrocution (weapon)
Missiles
 y - 18 curare-tipped needles
 G - 17 throwing nets (quivered)
Armour
 b - a +0 pair of boots (worn)
 C - a +0 cloak (worn)
 N - a +2 hat (worn)
 S - a +3 buckler (worn)
 X - a +2 robe of cold resistance (worn)
 Z - a +0 pair of gloves (worn)
Magical devices
 h - a wand of disintegration (7)
 D - a wand of teleportation (2)
 I - a wand of cold (10)
Comestibles
 d - 16 bread rations
 f - 9 meat rations
 k - 5 fruits
 x - 21 royal jellies
Scrolls
 g - 17 scrolls of remove curse
 l - 10 scrolls of identify
 n - 3 scrolls of magic mapping
 r - 7 scrolls of teleportation
 u - 2 scrolls of blinking
 T - 2 scrolls of fog
 U - a scroll of amnesia
Jewellery
 a - a +3 ring of protection
 i - an uncursed ring of fire
 j - an uncursed ring of see invisible
 p - an uncursed ring of flight
 t - an uncursed amulet of warding
 H - an uncursed amulet of rage
 J - an uncursed ring of invisibility {unknown}
 K - the ring "Hodghuv" (left hand) {rF++ MP+9 Dex+1 SInv}
   (You found it on level 10 of the Dungeon)

   [ring of magical power]

   It affects your dexterity (+1).
   It greatly protects you from fire.
   It affects your magic capacity (+9).
   It enhances your eyesight.
 P - a cursed ring of stealth (right hand)
 W - an amulet of guardian spirit (around neck)
 Y - an uncursed ring of sustain abilities
Potions
 m - a potion of magic
 o - 5 potions of heal wounds
 v - 9 potions of curing
 z - 5 potions of might
 B - 5 potions of flight
 E - 6 potions of brilliance
 F - 6 potions of agility
 L - 2 potions of restore abilities
 R - a potion of invisibility
 V - 3 potions of haste
Books
 c - a book of Maledictions

   Spells                             Type                      Level
   Corona                             Hexes                        1
   Sure Blade                         Hexes/Charms                 2
   *Ensorcelled Hibernation           Hexes/Ice                    2
   *Confuse                           Hexes                        3
   *Dazzling Spray                    Conjuration/Hexes            3
   *Enslavement                       Hexes                        4
 A - a book of Burglary

   Spells                             Type                      Level
   *Swiftness                         Charms/Air                   2
   *Passwall                          Transmutation/Earth          3
   *Passage of Golubria               Translocation                4
   Lee's Rapid Deconstruction         Earth                        5
   *Invisibility                      Hexes                        6
   Darkness                           Hexes                        7
 Q - a manual of Air Magic
Miscellaneous
 M - a phial of floods
 O - a fan of gales


   Skills:
 - Level 7.0 Fighting
 - Level 10.4 Short Blades
 - Level 5.0 Throwing
 - Level 7.1 Dodging
 - Level 14.0 Stealth
 - Level 7.0 Shields
 - Level 7.0 Spellcasting
 - Level 15.0 Hexes
 + Level 3.5 Charms
 - Level 6.0 Translocations
 - Level 1.0 Transmutations
 - Level 1.0 Air Magic
 - Level 1.0 Earth Magic
 - Level 4.0 Invocations


You had 2 spell levels left.
You knew the following spells:

 Your Spells              Type           Power        Failure   Level  Hunger
a - Passage of Golubria   Tloc           N/A          10%         4    ###....
c - Invisibility          Hex            ######..     3%          6    ######.
d - Enslavement           Hex            ######..     1%          4    ###....
e - Dazzling Spray        Conj/Hex       #####...     1%          3    #......
f - Confuse               Hex            ######..     1%          3    #......
v - Passwall              Trmt/Erth      ##........   21%         3    #......
w - Swiftness             Chrm/Air       ###.....     6%          2    None
z - Ensorcelled Hibernat  Hex/Ice        #####.       1%          2    None


Dungeon Overview and Level Annotations

Branches:
Dungeon (12/15)            Temple (1/1) D:4             Orc (4/4) D:12
    Elf (0/3) Orc:4          Lair (8/8) D:8          Shoals (0/5) Lair:6
  Snake (0/5) Lair:4        Slime (0/6) Lair:8

Altars:
Ashenzari
Cheibriados
Dithmenos
Elyvilon
Fedhas
Gozag
Kikubaaqudgha
Makhleb
Nemelex Xobeh
Okawaru
Qazlal
Sif Muna
Trog
Vehumet
Xom
Yredelemnul
Zin
The Shining One

Shops:
D:12 (   Orc:2 !

Annotations:
Orc:4 Erolcha


Innate Abilities, Weirdness & Mutations

You are small and have problems with some larger weapons.
You are somewhat resistant to further mutation.


Message History

The orc sorcerer casts a spell.
The orc hits you but does no damage. The blue devil hits you.
The orc wizard casts a spell at you.
The puff of flame hits the orc warlord.
The red devil hits you from afar with a trident.
The orc hits you but does no damage. The sixfirhy hits you!
The sixfirhy shocks you!
The orc high priest calls upon Beogh to heal the orc warlord.
The orc warlord's wounds heal themselves!
The blue devil hits you!
The iron devil hits you with a glowing morningstar!
* * * LOW HITPOINT WARNING * * *
You emit a cloud of dark smoke.
* * * LOW HITPOINT WARNING * * *
The iron devil hits you with a glowing morningstar!
* * * LOW HITPOINT WARNING * * *
x2 The orc warrior is no longer blind.
The sixfirhy hits you but does no damage.
The sixfirhy hits you!
You die...

......... #.
......o....
##
........oo...
##
#.......o.#
#.
#..o......#
#.
#..o.ooo..#
#.
#o.o3ooo..#
#.
#..4oo4...#
#.
###4@o§.###
###.
#...§4§...#
....
###.....###
.#.. #....##
##.. ##..## .
#... #...#
#..##...
##..##
........
##...##
...##...
##.....# ##..


You could see an orc warlord, an orc knight, 2 orc high priests, an iron devil,
a sixfirhy, a blue devil, a chaos spawn (blind), an orc sorcerer, a red devil, 3
orc warriors, 2 orc priests, 4 orc wizards and 3 orcs.

Vanquished Creatures
  Donald (Orc:3)
  A frost giant (IceCv)
  Gastronok (D:11)
  An ice dragon (Lair:8)
  A naga warrior (Lair:4)
  Harold (Lair:7)
  8 hydras
  Erica (Lair:7)
  An orc high priest (Orc:4)
  7 death yaks
  Nergalle (Lair:4)
  A catoblepas (Lair:6)
  3 slime creatures (D:11)
  2 unseen horrors
  5 hill giants
  2 lindwurms (Lair:8)
  3 griffons
  An orc sorcerer (Orc:4)
  An oklob plant (Lair:2)
  The ghost of Amnesiac the Cutter, an experienced HaEn of Dithmenos (D:5)
  Maurice (Orc:2)
  A manticore (Lair:6)
  29 elephants
  A gargoyle (D:12)
  9 spiny frogs
  5 black mambas
  7 komodo dragons
  A hydra zombie (D:11)
  A centaur zombie (D:12)
  4 giant fireflies (Lair:8)
  A queen bee (Lair:5)
  2 trolls (D:11)
  15 fire drakes
  21 polar bears
  A two-headed ogre (D:12)
  2 giant leeches (Lair:8)
  A boulder beetle (Lair:5)
  5 basilisks
  15 blink frogs
  11 sharks
  A spriggan (D:7)
  A hill giant zombie (D:7)
  An ugly thing zombie (D:12)
  9 hogs (Lair:8)
  2 humans (D:11)
  Eustachio (D:4)
  50 yaks
  6 ugly things (D:12)
  A deep elf mage (D:9)
  7 hippogriffs
  7 wargs
  An ogre zombie (D:12)
  18 wolves
  4 hell hounds (Lair:8)
  7 vampire mosquitoes (D:12)
  9 porcupines
  15 water moccasins
  2 nagas (Lair:4)
  7 black bears
  5 ice beasts
  24 orc warriors
  A soldier ant (D:10)
  2 necrophages
  2 sky beasts
  6 ogres
  4 centaurs
  11 crocodiles
  3 boring beetles
  16 giant frogs
  7 gnoll sergeants
  4 big kobolds
  6 brain worms (Lair:8)
  A wyvern zombie (D:11)
  5 scorpions
  A troll zombie (D:9)
  A yak skeleton (D:10)
  29 killer bees
  A crimson imp (D:6)
  6 electric eels
  31 hounds
  A quasit (D:9)
  2 jellies
  18 orc priests
  10 big fish
  A giant frog zombie (D:8)
  3 gnoll shamans (D:5)
  Crazy Yiuf (D:2)
  An elf skeleton (D:10)
  A giant frog skeleton (D:11)
  6 worker ants
  A centaur skeleton (D:11)
  19 orc wizards
  10 iguanas
  22 sheep
  Ijyb (D:2)
  A hound zombie (D:9)
  24 adders
  42 gnolls
  41 green rats
  An orc skeleton (D:6)
  An inept item mimic (D:5)
  2 giant mites
  2 inept feature mimics
  3 shadow imps
  17 worms
  12 giant geckos
  5 oozes
  149 orcs
  8 ball pythons
  7 giant cockroaches
  23 goblins
  23 hobgoblins
  52 jackals
  18 quokkas
  24 bats
  5 giant newts
  A hobgoblin zombie (D:6)
  43 kobolds
  2 orc zombies
  42 rats
  A rat skeleton (D:4)
  A rat zombie (D:8)
  3 ballistomycetes (D:11)
  A fungus (Lair:2)
  4 plants
1146 creatures vanquished.

Vanquished Creatures (collateral kills)
  Josephine (D:11)
  An ice statue (IceCv)
  A centaur skeleton (D:11)
  A polar bear (Lair:8)
  2 yaks (Lair:8)
  A warg (Lair:8)
  5 wolves (Lair:8)
  An ogre (D:11)
  An electric eel (Lair:8)
  2 hounds (Lair:8)
  A yak simulacrum (D:11)
  A scorpion simulacrum (D:11)
  An orc zombie (D:11)
19 creatures vanquished.

Vanquished Creatures (others)
  A blink frog (Lair:8)
  A water moccasin (Lair:8)
  An adder (Lair:8)
  2 orcs
  A giant spore (D:11)
  26 fungi
  15 plants
47 creatures vanquished.

Grand Total: 1212 creatures vanquished

Notes
Turn   | Place    | Note
--------------------------------------------------------------
     0 | D:1      | Amnesiac, the Halfling Enchanter, began the quest for the Orb.
     0 | D:1      | Reached XP level 1. HP: 11/11 MP: 2/2
    68 | D:1      | Reached XP level 2. HP: 10/17 MP: 3/3
   481 | D:1      | Reached XP level 3. HP: 11/21 MP: 5/5
   486 | D:1      | Learned a level 3 spell: Dazzling Spray
   736 | D:2      | Reached skill level 4 in Short Blades
   767 | D:2      | Noticed Ijyb
  1467 | D:2      | Reached XP level 4. HP: 14/27 MP: 6/6
  1646 | D:2      | Noticed a killer bee
  1900 | D:2      | Killed Ijyb
  2099 | D:2      | Reached skill level 5 in Short Blades
  2166 | D:2      | Reached XP level 5. HP: 28/31 MP: 7/7
  2347 | D:2      | Noticed Crazy Yiuf
  2353 | D:2      | Killed Crazy Yiuf
  2478 | D:3      | Reached skill level 6 in Short Blades
  2938 | D:3      | Reached XP level 6. HP: 29/36 MP: 9/9
  3115 | D:4      | Noticed Eustachio
  3136 | D:4      | Found a staircase to the Ecumenical Temple.
  3145 | Temple   | Entered the Ecumenical Temple
  3252 | D:4      | Reached skill level 7 in Short Blades
  3464 | D:4      | Found a glowing drain.
  3507 | D:4      | Reached skill level 8 in Short Blades
  3521 | Sewer    | Entered a sewer
  3626 | Sewer    | Reached XP level 7. HP: 27/41 MP: 10/10
  3851 | Sewer    | Reached skill level 9 in Short Blades
  4770 | D:4      | Killed Eustachio
  4770 | D:4      | Reached skill level 10 in Short Blades
  4770 | D:4      | Reached XP level 8. HP: 21/46 MP: 7/11
  4909 | D:5      | Entered Level 5 of the Dungeon
  5028 | D:5      | Found an opulent altar of Gozag.
  5466 | D:5      | Reached skill level 5 in Dodging
  5717 | D:5      | Learned a level 3 spell: Confuse
  6705 | D:5      | Learned a level 4 spell: Enslavement
  6942 | D:5      | Reached skill level 1 in Shields
  6976 | D:5      | Reached XP level 9. HP: 25/51 MP: 0/13
  7521 | D:5      | Found a deep blue altar of Sif Muna.
  7589 | D:5      | Reached skill level 5 in Shields
  7624 | D:5      | Noticed Amnesiac's ghost (experienced HaEn)
  7658 | D:5      | Killed Amnesiac's ghost
  7971 | D:6      | Found a basalt altar of Yredelemnul.
  8310 | D:6      | Reached XP level 10. HP: 56/56 MP: 14/14
  8463 | D:6      | Reached skill level 5 in Hexes
  8541 | D:7      | Found a radiant altar of Vehumet.
  9083 | D:7      | Reached skill level 5 in Stealth
  9091 | D:7      | Found Joaxovee's Food Shoppe.
  9096 | D:7      | Found an ancient bone altar of Kikubaaqudgha.
  9104 | D:7      | Joaxovee's Food Shoppe was a mimic.
  9292 | D:7      | Learned a level 2 spell: Ensorcelled Hibernation
 10803 | D:8      | Found a staircase to the Lair.
 11130 | D:9      | Reached XP level 11. HP: 59/61 MP: 13/15
 11374 | D:9      | Found a shadowy altar of Dithmenos.
 11374 | D:9      | Found a bloodstained altar of Trog.
 11378 | D:9      | Became a worshipper of Dithmenos the Shadowed
 11740 | Lair:1   | Entered Level 1 of the Lair of Beasts
 13062 | Lair:2   | Found a bloodstained altar of Trog.
 13062 | Lair:2   | Noticed an oklob plant
 13101 | Lair:2   | Reached skill level 10 in Hexes
 13461 | Lair:2   | Reached skill level 10 in Stealth
 13525 | Lair:2   | Reached XP level 12. HP: 50/66 MP: 17/17
 13821 | Lair:2   | Reached skill level 5 in Spellcasting
 13829 | Lair:2   | Learned a level 6 spell: Invisibility
 13877 | Lair:2   | Acquired Dithmenos' first power
 14376 | Lair:2   | Learned a level 3 spell: Passwall
 14500 | Lair:2   | Killed an oklob plant
 14578 | Lair:2   | Got a heavily runed leather armour
 14585 | Lair:2   | Identified the -2 leather armour of the Wheelwright {rPois rF+} (You found it on level 2 of the Lair of Beasts)
 15276 | Lair:3   | Reached XP level 13. HP: 59/71 MP: 20/28
 15344 | Lair:3   | Found an ancient bone altar of Kikubaaqudgha.
 15445 | Lair:3   | Reached skill level 11 in Hexes
 15572 | Lair:3   | Acquired Dithmenos' second power
 15708 | Lair:4   | Noticed Nergalle
 15712 | Lair:4   | Killed Nergalle
 16485 | Lair:4   | Found a staircase to the Snake Pit.
 16735 | Lair:4   | Paralysed by a potion of paralysis for 3 turns
 16761 | Lair:4   | Acquired Dithmenos' third power
 16915 | Lair:4   | Reached skill level 12 in Hexes
 18406 | Lair:5   | Acquired Dithmenos' fourth power
 18555 | Lair:5   | Reached skill level 13 in Hexes
 18909 | Lair:5   | Reached XP level 14. HP: 61/76 MP: 14/29
 19506 | Lair:6   | Found a staircase to the Shoals.
 19658 | Lair:6   | Reached skill level 14 in Hexes
 19699 | Lair:6   | Learned a level 4 spell: Passage of Golubria
 19702 | Lair:6   | Learned a level 2 spell: Swiftness
 20217 | Lair:6   | Found a snail-covered altar of Cheibriados.
 20579 | Lair:7   | Noticed Harold
 20673 | Lair:7   | Reached skill level 15 in Hexes
 20778 | Lair:7   | Reached skill level 1 in Translocations
 20865 | Lair:7   | Killed Harold
 21079 | Lair:7   | Noticed Erica
 21086 | Lair:7   | Killed Erica
 21284 | Lair:7   | Reached skill level 5 in Translocations
 21541 | Lair:8   | Entered Level 8 of the Lair of Beasts
 21627 | Lair:8   | Found a staircase to the Slime Pits.
 22718 | Lair:8   | Reached XP level 15. HP: 73/81 MP: 25/29
 24737 | D:10     | Entered Level 10 of the Dungeon
 24986 | D:10     | Got a heavily runed steel ring
 25016 | D:10     | Identified the ring "Hodghuv" {rF++ MP+9 Dex+1 SInv} (You found it on level 10 of the Dungeon)
 25443 | D:11     | Noticed Josephine
 25476 | D:11     | Killed Josephine
 25779 | D:11     | Reached skill level 1 in Throwing
 25846 | D:11     | Found an iron altar of Okawaru.
 26025 | D:11     | Noticed Gastronok
 26339 | D:11     | Killed Gastronok
 26664 | D:12     | Reached skill level 5 in Throwing
 26757 | D:12     | Reached skill level 1 in Fighting
 27117 | D:12     | Found Lemye's Weapon Shop.
 27500 | D:12     | Found a staircase to the Orcish Mines.
 27658 | Orc:1    | Entered Level 1 of the Orcish Mines
 28326 | Orc:2    | Found Agigg's Distillery.
 28510 | Orc:2    | Found a frozen archway.
 28563 | IceCv    | Entered an ice cave
 28612 | IceCv    | Reached XP level 16. HP: 88/97 MP: 30/30
 29283 | IceCv    | Reached skill level 5 in Fighting
 29486 | IceCv    | Noticed a frost giant
 29655 | IceCv    | Killed a frost giant
 29665 | IceCv    | Reached skill level 1 in Earth Magic
 29668 | IceCv    | Reached skill level 1 in Air Magic
 29869 | Orc:2    | Noticed Maurice
 30155 | Orc:2    | Killed Maurice
 30247 | Orc:3    | Noticed Donald
 30262 | Orc:4    | Entered Level 4 of the Orcish Mines
 30266 | Orc:4    | Noticed Erolcha
 30279 | Orc:4    | Reached skill level 1 in Transmutations
 30361 | Orc:4    | Found a staircase to the Elven Halls.
 30517 | Orc:4    | Reached skill level 1 in Charms
 31393 | Orc:3    | Killed Donald
 31583 | Orc:4    | Paralysed by a chaos spawn for 6 turns
 31588 | Orc:4    | Slain by a sixfirhy

Action                   |  1- 3 |  4- 6 |  7- 9 | 10-12 | 13-15 | 16-18 || total
-------------------------+-------+-------+-------+-------+-------+-------++-------
Melee: Dagger            |   121 |   259 |   556 |   889 |  2130 |   396 ||  4351
Throw: Throwing net      |       |       |       |       |     2 |       ||     2
 Cast: Dazzling Spray    |     2 |     3 |    37 |    64 |   143 |    26 ||   275
       Confuse           |       |       |     2 |     3 |     5 |       ||    10
       Ensorcelled Hiber |       |       |       |     5 |     5 |       ||    10
       Invisibility      |       |       |       |       |    22 |     9 ||    31
       Enslavement       |       |       |       |       |    18 |    10 ||    28
       Passage of Golubr |       |       |       |       |       |     1 ||     1
Invok: Shadow Step       |       |       |       |       |     1 |     2 ||     3
 Abil: Evoke Berserk Rag |       |       |     1 |       |       |       ||     1
Evoke: Wand              |       |       |     3 |       |     5 |       ||     8
  Use: Potion            |     2 |       |    10 |     1 |     2 |       ||    15
       Scroll            |       |       |    12 |     8 |    14 |       ||    34
 Stab: Sleeping          |     4 |     4 |     4 |    31 |   165 |    39 ||   247
       Invisible         |       |       |    12 |    37 |   109 |    16 ||   174
       Confused          |       |       |       |     5 |     4 |       ||     9
       Distracted        |       |       |       |     2 |     9 |     3 ||    14
       Held in net/web   |       |       |       |       |     1 |       ||     1
